 Dungeon Crawl Stone Soup version 0.28-a0-247-gb8bfbab023 (webtiles) character file.

Game seed: 11175912396318726402

62 SkeletonJelly the Slasher (level 3, 0/31 HPs)
             Began as a Draconian Chaos Knight on Aug 26, 2021.
             Was a Plaything of Xom.
             Slain by an orc wizard (3 damage)
             ... on level 3 of the Dungeon.
             The game lasted 00:05:14 (1513 turns).

SkeletonJelly the Slasher (Draconian Chaos Knight)  Turns: 1513, Time: 00:05:15

Health: 0/31       AC:  5    Str: 15    XL:     3   Next: 85%
Magic:  3/3        EV: 12    Int: 12    God:    Xom [.....*]
Gold:   87         SH:  0    Dex: 16    Spells: 2/2 levels left

rFire   . . .      SeeInvis .   a - +0 falchion (chaos)
rCold   + . .      Faith    .   (no shield)
rNeg    . . .      Spirit   .   (armour unavailable)
rPois   .          Reflect  .   (helmet restricted)
rElec   .          Harm     .   (no cloak)
rCorr   .          Rampage  .   (no gloves)
Will    .....                   (no boots)
Stlth   +.........              (no amulet)
HPRegen 0.10/turn               i - +6 ring of dexterity
MPRegen 0.08/turn               d - ring of protection from cold

@: confused
A: AC +5, unfitting armour, cold-blooded
a: Renounce Religion


You were on level 3 of the Dungeon.
You worshipped Xom.
You were Xom's teddy bear.
You visited 1 branch of the dungeon, and saw 3 of its levels.

You collected 87 gold pieces.

Inventory:

Hand Weapons
 a - a +0 falchion of chaos (weapon)
 h - a +1 dagger of electrocution
Missiles
 l - 15 poisoned darts (quivered)
 p - 2 silver boomerangs
 q - 5 boomerangs of dispersal
Jewellery
 d - a ring of protection from cold (right hand)
 i - a +6 ring of dexterity (left hand)
 n - a ring of willpower
 o - a ring of resist corrosion
Scrolls
 c - a scroll of immolation {unknown}
 f - a scroll of amnesia {unknown}
 j - a scroll of fear {unknown}
 m - a scroll of fog {unknown}
Potions
 b - a potion of mutation {unknown}
 e - a potion of lignification {unknown}
 g - 3 potions of curing {unknown}
 k - a potion of magic {unknown}


   Skills:
 - Level 3.2 Fighting
 + Level 4.8 Long Blades
 - Level 2.1 Dodging


You had 2 spell levels left.
You didn't know any spells.
Your spell library contained the following spells:

 Spells                   Type           Power      Damage    Failure   Level
 Summon Small Mammal      Summ           0%         N/A       32%         1
 Call Canine Familiar     Summ           0%         N/A       69%         3
 Summon Guardian Golem    Hex/Summ       0%         N/A       69%         3


Dungeon Overview and Level Annotations

Branches:
Dungeon (3/15)

Altars:


Innate Abilities, Weirdness & Mutations

Your plain brown scales are hard. (AC +5)
You cannot fit into any form of body armour.
You are cold-blooded and may be slowed by cold attacks.


Message History

Search for what [Enter for "."]? .
You climb downwards.
There is a stone staircase leading up here.
An orc comes into view. It is wielding a +0 club.
The orc shouts!
You hear a shout! x2
An orc comes into view. It is wielding a +0 hand axe.
There are monsters nearby!
There are monsters nearby!
There are monsters nearby!
An orc comes into view. It is wielding a +0 dagger.
The orc shouts!
An orc comes into view. It is wielding a +0 mace.
An orc wizard comes into view. It is wielding a +0 dagger.
Found an escape hatch in the ceiling.
The orc shouts!
The orc closely misses you.
You hit the orc but do no damage. The orc hits you but does no damage.
You barely miss the orc. The orc barely misses you.
The orc wizard mumbles some strange words.
The orc wizard flickers and vanishes!
Deactivating autopickup; reactivate with Ctrl-A.
You hit the orc.
The orc is severely wounded.
The orc barely misses you.
You riposte.
You closely miss the orc. You tail-slap the orc.
The orc is moderately wounded.
The orc closely misses you. x2
You hit the orc. You burn the orc.
Your tail-slap misses the orc.
The orc is almost dead.
The orc hits you with a +0 hand axe. The orc hits you with a +0 club.
The orc hits you but does no damage.
You take 7 damage, and have 24/31 hp.
MASSIVE DAMAGE!!
You barely miss the orc. You tail-slap the orc.
You kill the orc!
The orc hits you with a +0 hand axe.
You take 1 damage, and have 23/31 hp.
You barely miss the orc.
The orc is moderately wounded.
The orc barely misses you. x2
You slash the orc!
You feel better.
You kill the orc! "Time to have some fun!"
The orc's +0 club dances into the air!
The orc hits you with a +0 mace.
You emit a cloud of colourful smoke!
Something hits you. The orc barely misses you.
You closely miss the orc. Something hits you but does no damage.
Your +0 club hits the orc.
The orc misses you. The orc closely misses you.
You take 4 damage, and have 19/31 hp.
You hit the orc.
You kill the orc!
Something hits you but does no damage. The orc closely misses you.
You hit the orc.
The orc is lightly wounded.
You hear some strange, mumbled words.
You are confused.
The orc misses you.
Your +0 club hits the orc!
The orc dies!
You are too confused!
You are too confused!
You are too confused!
You are too confused!
Are you sure you want to stumble around while confused and next to your +0 club?
Okay, then.
Unknown command.
Something hits you.
You take 1 damage, and have 18/31 hp.
You hear some strange, mumbled words.
You are more confused.
Something hits you but does no damage. Something hits you but does no damage.
You hear some strange, mumbled words.
Something tries to affect you, but you resist.
Something hits you but does no damage.
You hear some strange, mumbled words.
You are more confused.
You hear some strange, mumbled words.
You are more confused.
Something hits you.
You take 1 damage, and have 18/31 hp.
You hear some strange, mumbled words.
A puff of flame appears from out of thin air!
The puff of flame hits you!
* * * LOW HITPOINT WARNING * * *
You take 10 damage, and have 8/31 hp.
MASSIVE DAMAGE!!
Something completely misses you.
Are you sure you want to stumble around while confused and next to your +0 club?
Okay, then.
Unknown command.
Something hits you but does no damage. Something hits you.
* * * LOW HITPOINT WARNING * * *
You take 4 damage, and have 4/31 hp.
You hear some strange, mumbled words.
A magic dart appears from out of thin air!
The magic dart hits you.
* * * LOW HITPOINT WARNING * * *
You take 1 damage, and have 3/31 hp.
Something hits you.
You die... "Boring in life, boring in death..."

#<# ####.#
####....#
####......##
#.........#
+.........#
#.........#
###+######......#
......☼@........#
......{(☼.......#
.<..............#
###+####+####.....
..... ..... ....


You could see a friendly +0 club.

Vanquished Creatures
  An orc wizard (D:2)
  A dart slug (D:1)
  5 orcs
  2 ball pythons
  6 bats
  2 endoplasms
  3 goblins
  4 hobgoblins
  2 kobolds (D:1)
  3 frilled lizards
29 creatures vanquished.

Vanquished Creatures (collateral kills)
  3 orcs
3 creatures vanquished.

Grand Total: 32 creatures vanquished

Notes
Turn   | Place    | Note
-------+----------+-------------------------------------------
     0 | D:1      | SkeletonJelly the Draconian Chaos Knight began the quest
                  | for the Orb.
     0 | D:1      | Reached XP level 1. HP: 19/19 MP: 1/1
    74 | D:1      | Found a faded altar of an unknown god.
    84 | D:1      | Reached XP level 2. HP: 23/26 MP: 2/2
   153 | D:1      | XOM: silly message
   431 | D:1      | XOM: fog
   872 | D:2      | Reached skill level 4 in Long Blades
   943 | D:2      | XOM: enchant monster (good)
   948 | D:2      | Reached XP level 3. HP: 21/31 MP: 3/3
  1495 | D:3      | XOM: smoke on damage
  1513 | D:3      | Slain by an orc wizard

Illustrated notes

Levels and vault maps discovered:
D:1:      giann_forest_graveyard, layout_basic,
          shapermc_ecumenical_altar_starsandcircs
D:2:      layout_basic
D:3:      layout_basic, uniq_purgy

Skill      XL: |  1  2 |
---------------+-------+-----
Long Blades    | 4 |  4.8
Fighting       | |  3.2
Dodging        | |  2.1

Action                   || total
-------------------------++-------
Melee: Falchion          ||    58
       Tailslap          ||     7
 Stab: Sleeping          ||     1
Armor: Skin              ||    28
Dodge: Dodged            ||    63
       Rpst.: Falchion   ||    15

Table legend: (Time is in decaauts)
 A = Elapsed time spent in this place.
 B = Non-inter-level travel time spent in this place.
 C = Inter-level travel time spent in this place.
 D = Time resting spent in this place.
 E = Time spent auto-exploring this place.
 F = Levels seen in this place.
 G = Mean time per level.
                   A        B        C        D        E       F      G
               +--------+--------+--------+--------+--------+-----+--------+
         Total |   1517 |   1448 |     69 |      0 |   1193 |   3 |  505.7 |
       Dungeon |   1517 |   1448 |     69 |      0 |   1193 |   3 |  505.7 |
               +--------+--------+--------+--------+--------+-----+--------+

Top non-repeatable levels by time:
     D:1: 850 daAuts
     D:2: 629 daAuts
     D:3: 37 daAuts
